 Dungeon Crawl Stone Soup version 0.29.1-15-g9cfb28693d (webtiles) character file.

Game seed: 15822848163574757677

1500 kingofthe the Vexing (level 8, -1/41 HPs)
             Began as a Deep Elf Conjurer on Mar 9, 2023.
             Was a Follower of Sif Muna.
             Slain by an iguana (13 damage)
             ... on level 6 of the Dungeon.
             The game lasted 00:17:37 (6040 turns).

kingofthe the Vexing (Deep Elf Conjurer)            Turns: 6040, Time: 00:17:38

Health: -1/41      AC:  5    Str:  4    XL:     8   Next: 52%
Magic:  14/29      EV: 14    Int: 24    God:    Sif Muna [*.....]
Gold:   298        SH:  0    Dex: 15    Spells: 7/20 levels left

rFire   . . .      SeeInvis .   a - staff of conjuration {!a}
rCold   . . .      Faith    .   (no shield)
rNeg    . . .      Spirit   .   t - +0 robe
rPois   .          Reflect  .   B - +0 helmet
rElec   .          Harm     .   (no cloak)
rCorr   .          Rampage  .   h - +0 pair of gloves
Will    .....                   z - +0 pair of boots
Stlth   +++.......              (no amulet)
HPRegen 0.13/turn               M - ring of magical power
MPRegen 0.21/turn               (no ring)

@: no status effects
A: no striking features
a: Renounce Religion, Channel Magic


You were on level 6 of the Dungeon.
You worshipped Sif Muna.
Sif Muna was aware of your devotion.
You visited 1 branch of the dungeon, and saw 6 of its levels.

You collected 298 gold pieces.


   Skills:
 * Level 5.3 Dodging
 + Level 4.2 Stealth
 + Level 6.8 Spellcasting
 + Level 7.1 Conjurations
 + Level 7.1 Hexes
 * Level 3.2 Fire Magic


You had 7 spell levels left.
You knew the following spells:

 Your Spells              Type           Power      Damage    Failure   Level
a - Magic Dart            Conj           100%       1d8       1%          1
b - Searing Ray           Conj           100%       2d8       1%          2
c - Foxfire               Conj/Fire      100%       2x1d9     1%          1
d - Fulminant Prism       Conj/Hex       29%        3d14      3%          4
e - Conjure Flame         Conj/Fire      49%        6-21      2%          3
z - Sublimation of Blood  Necr           8%         N/A       11%         2

Your spell library contained the following spells:

 Spells                   Type           Power      Damage    Failure   Level
 Dazzling Flash           Conj/Hex       100%       N/A       1%          3
 Inner Flame              Hex/Fire       33%        N/A       2%          3
 Portal Projectile        Hex/Tloc       50%        N/A       4%          3
 Stone Arrow              Conj/Erth      74%        3d11      4%          3
 Mephitic Cloud           Conj/Pois/Air  29%        N/A       9%          3
 Flame Wave               Conj/Fire      49%        2d12      9%          4
 Wereblood                Tmut           8%         N/A       11%         2
 Ignite Poison            Fire/Tmut/Pois 13%        N/A       14%         3
 Iskenderun's Mystic Bla  Conj/Tloc      37%        2d9       17%         4
 Leda's Liquefaction      Hex/Erth       12%        N/A       17%         4
 Call Canine Familiar     Summ           8%         N/A       22%         3
 Animate Armour           Summ/Erth      16%        N/A       58%         4
 Freezing Cloud           Conj/Ice/Air   14%        6-21      58%         5
 Summon Hydra             Summ           4%         N/A       100%        7
 Lehudib's Crystal Spear  Conj/Erth      18%        10d6      100%        8

Inventory:

Missiles
 r - a throwing net {=f}
Armour
 h - a +0 pair of gloves (worn)
 i - the +1 ring mail "Vuekuas" {Will+ Str+3}
   (You found it on level 2 of the Dungeon)

   Str:       It affects your strength (+3).
   Will:      It increases your willpower.
 o - the +3 scale mail of the Viny Hot Ocelot {rElec rPois Stlth+}
   (You found it on level 3 of the Dungeon)

   rElec:     It insulates you from electricity.
   rPois:     It protects you from poison.
   Stlth:     It makes you more stealthy.
 t - a +0 robe (worn)
 y - the +2 buckler of the Wasteland {+Inv Dex+2 Stlth-}
   (You found it on level 4 of the Dungeon)

   Dex:       It affects your dexterity (+2).
   +Inv:      It lets you turn invisible.
   Stlth:     It makes you less stealthy.
 z - a +0 pair of boots (worn)
 B - a +0 helmet (worn)
Magical Staves
 a - a staff of conjuration (weapon) {!a}
 b - a staff of fire {!a}
 c - a staff of cold {!a}
Jewellery
 M - a ring of magical power (left hand)
Wands
 k - a wand of quicksilver (3)
Scrolls
 f - 2 scrolls of vulnerability {unknown}
 g - a scroll of brand weapon {unknown}
 j - 2 scrolls of teleportation {unknown}
 n - a scroll of noise {unknown}
 v - 2 scrolls of amnesia {unknown}
 x - 6 scrolls of identify {unknown}
 C - a scroll of blinking {unknown}
Potions
 d - 3 potions of haste {unknown}
 e - a potion of experience {unknown}
 l - 2 potions of curing {unknown}
 m - 2 potions of mutation {unknown}
 p - a potion of degeneration {unknown}
 q - a potion of flight {unknown}
 s - a potion of resistance {unknown}
 u - 2 potions of ambrosia {unknown}
 w - a potion of magic
 A - a potion of lignification {unknown}

Dungeon Overview and Level Annotations

Branches:
Dungeon (6/15)
 Temple: D:4-7

Altars:
Dithmenos
Hepliaklqana
Sif Muna
Trog
Uskayaw
Zin
The Shining One

Shops:
D:5 ( D:6

: .#####.##..#
#..## .....#†#...#
#..## #........#+
#.#.## ##........##
#..#.#
#.........####..###
+#....)........##
#......J..####.#
#.....l..## #.#
#.....§v@#'...#.#
....#+#.v.# ...#.#
#### ##..# .##.##
##.# ##..### #.#
#....#
###.######...##
...........#.#
..#....####.##
#.....####.#


You could see an iguana (ally target) and a jelly.


Message History

The howler monkey is almost dead.
The howler monkey closely misses you. The scorpion closely misses you.
The howler monkey hoots and howls with incredible vigour!
Casting: Foxfire (safe; 1% risk of failure)
Confirm with . or Enter, or press ? or * to list all spells.
You feel a surge of power!
You conjure some foxfire!
The foxfire hits the howler monkey.
You kill the howler monkey!
Sif Muna accepts your kill.
The foxfire hits the scorpion!
The scorpion is severely wounded.
The iguana bites you! The scorpion barely misses you.
Your foxfire dissipates!
The foxfire hits the iguana.
The iguana is lightly wounded.
Casting: Foxfire (safe; 1% risk of failure)
Confirm with . or Enter, or press ? or * to list all spells.
You feel a surge of power!
You conjure some foxfire!
The scorpion closely misses you. The iguana bites you!
* * * LOW HITPOINT WARNING * * *
The scorpion attacks as you move away! The scorpion closely misses you.
The foxfire hits the scorpion but does no damage.
The scorpion is severely wounded.
The foxfire hits the scorpion!
You kill the scorpion!
Sif Muna accepts your kill.
Casting: Foxfire (safe; 1% risk of failure)
Confirm with . or Enter, or press ? or * to list all spells.
You feel a surge of power!
You conjure some foxfire!
The iguana bites you!
You die...

Skill      XL: |  1  2  3  4  5  6  7  8 |
---------------+-------------------------+-----
Dodging        | 3 4 5 |  5.3
Conjurations   | 5 6 7 |  7.1
Stealth        | 3 4 |  4.2
Spellcasting   | 4 5 6 |  6.8
Hexes          | 2 3 5 6 7 |  7.1
Fire Magic     | 1 3 |  3.2

Action                   |  1- 3 |  4- 6 |  7- 9 || total
-------------------------+-------+-------+-------++-------
 Cast: Magic Dart        |    66 |    26 |     3 ||    95
       Searing Ray       |     6 |     9 |     3 ||    18
       Foxfire           |       |    27 |    87 ||   114
       Fulminant Prism   |       |       |     7 ||     7
Armor: Robe              |       |     4 |       ||     4
Dodge: Dodged            |     2 |     9 |    15 ||    26

Levels and vault maps discovered:
D:1:      heliophobic_arrival_enchanted_forest, layout_loops_ring,
          minmay_misc_feat_enclosed, minmay_tromino_v4_a
D:2:      kennysheep_big_flooded_room, layout_rooms, kennysheep_generic_room_13
D:3:      layout_loops_corners, zin_statuary, mainiacjoe_overflow_boulevard,
          mainiacjoe_overflow_six_doors_small, guppyfry_early_lair_pool,
          uniq_jessica
D:4:      layout_rooms, uniq_duvessa
D:5:      layout_cave_pools, tso_altar, nicolae_overflow_two_pavilions,
          mainiacjoe_overflow_alcove_4, serial_shops, shop,
          minmay_splitting_lines
D:6:      layout_layer_cave, serial_shops, nicolae_shop_hallway_stairs,
          nicolae_wooded_promenade, moated_statue, corexii_shack,
          minmay_pentangle, uniq_menkaure, uniq_prince_ribbit1

Notes
Turn   | Place    | Note
-------+----------+-------------------------------------------
     0 | D:1      | kingofthe the Deep Elf Conjurer began the quest for the
                  | Orb.
     0 | D:1      | Reached XP level 1. HP: 10/10 MP: 6/6
   181 | D:1      | Reached XP level 2. HP: 15/15 MP: 2/8
   184 | D:1      | Learned a level 2 spell: Searing Ray
   637 | D:1      | Reached skill level 3 in Dodging
   735 | D:1      | Reached XP level 3. HP: 19/19 MP: 5/10
  1349 | D:2      | Reached skill level 5 in Conjurations
  1380 | D:2      | Identified the +1 ring mail "Vuekuas" {Will+ Str+3}
  1630 | D:2      | Reached skill level 3 in Stealth
  1750 | D:3      | Noticed Jessica
  1753 | D:3      | Killed Jessica
  1754 | D:3      | Reached skill level 4 in Spellcasting
  1754 | D:3      | Reached XP level 4. HP: 24/24 MP: 8/12
  1759 | D:3      | Learned a level 4 spell: Fulminant Prism
  1808 | D:3      | Learned a level 1 spell: Foxfire
  1825 | D:3      | Found a bloodstained altar of Trog.
  1904 | D:3      | Identified the +3 scale mail of the Viny Hot Ocelot {rElec
                  | rPois Stlth+}
  2201 | D:3      | Reached skill level 1 in Hexes
  2303 | D:3      | Found a shimmering blue altar of Sif Muna.
  2327 | D:3      | Became a worshipper of Sif Muna the Loreminder
  2754 | D:3      | Found a glowing silver altar of Zin.
  2916 | D:4      | Noticed a scorpion
  2923 | D:4      | Killed a scorpion
  2924 | D:4      | Reached skill level 2 in Hexes
  2924 | D:4      | Reached XP level 5. HP: 28/28 MP: 4/13
  3000 | D:4      | Noticed a phantom
  3005 | D:4      | Killed a phantom
  3006 | D:4      | Reached skill level 3 in Hexes
  3088 | D:4      | Reached skill level 5 in Spellcasting
  3088 | D:4      | Reached XP level 6. HP: 14/32 MP: 9/15
  3096 | D:4      | HP: 3/32 [poisoned by a scorpion]
  3390 | D:4      | Reached skill level 4 in Hexes
  3553 | D:4      | Reached skill level 6 in Conjurations
  3772 | D:4      | Reached skill level 5 in Hexes
  3772 | D:4      | Reached XP level 7. HP: 10/36 MP: 12/17
  3797 | D:4      | Noticed Duvessa
  4069 | D:4      | Killed Duvessa
  4075 | D:4      | Noticed Dowan
  4080 | D:4      | Killed Dowan
  4081 | D:4      | Reached skill level 6 in Spellcasting
  4081 | D:4      | Reached skill level 6 in Hexes
  4183 | D:4      | Identified the +2 buckler of the Wasteland {+Inv Dex+2
                  | Stlth-}
  4749 | D:5      | Entered Level 5 of the Dungeon
  4781 | D:5      | Reached skill level 1 in Fire Magic
  4830 | D:5      | Reached skill level 4 in Dodging
  4960 | D:5      | Reached XP level 8. HP: 41/41 MP: 19/19
  5023 | D:5      | Reached * piety under Sif Muna
  5110 | D:5      | Reached skill level 2 in Fire Magic
  5212 | D:5      | Found Uheizinn's Antique Weapon Emporium.
  5226 | D:5      | Learned a level 2 spell: Sublimation of Blood
  5339 | D:5      | Found a shadowy altar of Dithmenos.
  5391 | D:5      | Found a hide-covered altar of Uskayaw.
  5391 | D:5      | Found a hazy altar of Hepliaklqana.
  5443 | D:5      | Found a glowing golden altar of the Shining One.
  5712 | D:6      | Found Rah Hec's Book Emporium.
  5798 | D:6      | Noticed Menkaure
  5803 | D:6      | Killed Menkaure
  5804 | D:6      | Reached skill level 5 in Dodging
  6015 | D:6      | Learned a level 3 spell: Conjure Flame
  6033 | D:6      | Reached skill level 4 in Stealth
  6033 | D:6      | Reached skill level 7 in Conjurations
  6033 | D:6      | Reached skill level 7 in Hexes
  6033 | D:6      | Reached skill level 3 in Fire Magic
  6040 | D:6      | Slain by an iguana

Vanquished Creatures
  Menkaure (D:6)
  Duvessa (D:4)
  A water moccasin (D:5)
  3 ogres
  2 phantoms (D:4)
  A necrophage (D:5)
  6 scorpions
  Dowan (D:4)
  A howler monkey (D:6)
  2 hounds (D:5)
  Jessica (D:3)
  2 iguanas
  3 adders
  A white imp (D:5)
  2 worms (D:2)
  4 dart slugs
  13 orcs
  8 endoplasms
  A giant cockroach (D:1)
  9 goblins
  5 hobgoblins
  4 jackals (D:3)
  4 quokkas
  10 ball pythons
  3 bats
  4 frilled lizards (D:1)
  10 kobolds
  2 rats
105 creatures vanquished.

Vanquished Creatures (others)
  186 foxfires
  7 fulminant prisms
193 creatures vanquished.

Grand Total: 298 creatures vanquished

Table legend: (Time is in decaauts)
 A = Elapsed time spent in this place.
 B = Non-inter-level travel time spent in this place.
 C = Inter-level travel time spent in this place.
 D = Time resting spent in this place.
 E = Time spent auto-exploring this place.
 F = Levels seen in this place.
 G = Mean time per level.
                   A        B        C        D        E       F      G
               +--------+--------+--------+--------+--------+-----+--------+
         Total |   6040 |   5810 |    230 |    440 |   4672 |   6 | 1006.7 |
       Dungeon |   6040 |   5810 |    230 |    440 |   4672 |   6 | 1006.7 |
               +--------+--------+--------+--------+--------+-----+--------+

Top non-repeatable levels by time:
     D:4: 1599 daAuts
     D:3: 1416 daAuts
     D:1: 1089 daAuts
     D:5: 1003 daAuts
     D:2: 644 daAuts
     D:6: 287 daAuts

Table legend:
 A = Non-vault XP
 B = Vault XP
 C = Vault XP percentage of total XP
 D = Non-vault monster count
 E = Vault monster count
 F = Vault count percentage of total count
                 A         B        C        D         E       F
            +---------+---------+-------+---------+---------+-------
      Total |    1410 |     734 |  34.2 |      89 |      16 |  15.2
            +---------+---------+-------+---------+---------+-------
        D:1 |      46 |       6 |  11.5 |      27 |       4 |  12.9
        D:2 |      34 |       7 |  17.1 |      10 |       3 |  23.1
        D:3 |      36 |      37 |  50.7 |      15 |       1 |   6.2
        D:4 |     691 |     213 |  23.6 |      19 |       2 |   9.5
        D:5 |     603 |       0 |   0.0 |      18 |       0 |   0.0
        D:6 |       0 |     471 | 100.0 |       0 |       6 | 100.0
            +---------+---------+-------+---------+---------+-------
